 Dungeon Crawl Stone Soup version 0.31-a0-667-g39726597b9 (webtiles) character file.

Game seed: 17647596128321864051

21 Xavori the Trooper (level 2, 18/18 HPs)
             Began as an Octopode Chaos Knight on Sept 4, 2023.
             Was a Plaything of Xom.
             Quit the game on level 1 of the Dungeon.
             The game lasted 00:00:49 (9509 turns).

Xavori the Trooper (Octopode Chaos Knight)          Turns: 9509, Time: 00:00:50

Health: 18/18      AC:  1    Str: 11    XL:     2   Next: 87%
Magic:  1/1        EV: 13    Int: 14    God:    Xom [*.....]
Gold:   39         SH:  5    Dex: 11    Spells: 1/1 levels left

rFire   . . .        a - +0 short sword (chaos)
rCold   . . .        (no shield)
rNeg    . . .        (helmet restricted)
rPois   .            c - amulet of reflection
rElec   .            (no ring)
rCorr   .            (no ring)
SInv    .            (no ring)
Will    .....        (no ring)
Stlth   ++           (no ring)
HPRegen 0.23/turn    (no ring)
MPRegen 0.07/turn    (no ring)
                     (no ring)

%: reflection, clarity
@: no status effects
A: almost no armour, amphibious, 8 rings, camouflage 1, gelatinous body 1,
(nimble swimmer 1), tentacles, clarity, frail 1, low MP 2, screaming 1
a: Renounce Religion


You were on level 1 of the Dungeon.
You worshipped Xom.
You were a special plaything of Xom.
You visited 1 branch of the dungeon, and saw 2 of its levels.

You collected 39 gold pieces.

Inventory:

Hand Weapons
 a - a +0 short sword of chaos (weapon)
Jewellery
 c - an amulet of reflection (around mantle)
Scrolls
 b - a scroll of butterflies
 d - a scroll of fog {unknown}


   Skills:
 + Level 3.4 Fighting
 + Level 3.3 Short Blades
 + Level 2.5 Dodging
 + Level 1.1 Stealth


You had one spell level left.
You didn't know any spells.
Your spell library contained the following spells:

 Spells                   Type           Power      Damage    Failure   Level
 Summon Guardian Golem    Hex/Summ       0%         N/A       65%         3
 Simulacrum               Ice/Necr       0%         N/A       100%        6
 Malign Gateway           Summ/Tloc      0%         N/A       100%        7
 Orb of Destruction       Conj           0%         9d5       100%        7
 Ozocubu's Refrigeration  Ice            0%         4d7       100%        7
 Spellforged Servitor     Conj/Summ      0%         N/A       100%        7
 Summon Horrible Things   Summ           0%         N/A       100%        8
 Polar Vortex             Ice            0%         N/A       100%        9


Dungeon Overview and Level Annotations

Branches:
Dungeon (2/15)

Altars:


Innate Abilities, Weirdness & Mutations

You cannot wear most types of armour.
You are amphibious.
You can wear up to eight rings at the same time.
Your skin changes colour to match your surroundings (Stealth+).
Your rubbery body absorbs attacks. (AC +1, EV +1)
((You are camouflaged when in or above water. (Stealth+)))
You have tentacles for arms and can constrict up to eight enemies at once.
You possess an exceptional clarity of mind.
You are frail. (-10% HP)
Your magical capacity is very low. (-20% MP)
You occasionally shout uncontrollably at your foes.


Message History

Done waiting.
You start waiting.
Done waiting.
You start waiting.
You start waiting.
You start waiting.
You start waiting.
You start waiting.
You start waiting.
You start waiting.
You start waiting.
You start waiting.
You start waiting.
You start waiting.
You start waiting.
You start waiting.
You start waiting.
You start waiting.
You start waiting.
You start waiting.
You start waiting.
You start waiting.
You start waiting.
You start waiting.
Done waiting.
You start waiting.
Done waiting.
You start waiting.
Done waiting.
You start waiting.
Done waiting.
You start waiting.
Done waiting.
You start waiting.
Done waiting.
You start waiting.
Done waiting.
You start waiting.
Done waiting.
Are you sure you want to abandon this character and quit the game? (Confirm with "yes".)

..# #.......##########.##.## ..#
#.....................# ..#
#.......######..######## ..###
#.......................
..'.######........##.#...########
..#......######+#....#...# #...).
########...# #....###...# #.####
# ###.####...####...###.# #
#......@........+.#.# #
######.#.####...#.#.#### #
#.#.#......#.#..... #
##########.#.#.##.###.###### #
#........#...#.##.# #.#
#........###.#.##.# #.#
#........#####.##.###'##
#.....[..'......#.#....#
#........########+#....#


There were no monsters in sight!

Vanquished Creatures
  2 ball pythons (D:1)
  3 endoplasms (D:1)
  2 giant cockroaches (D:1)
  3 goblins (D:1)
  2 hobgoblins (D:1)
  3 jackals (D:1)
  A frilled lizard (D:1)
  A rat (D:1)
17 creatures vanquished.

Notes
Turn   | Place    | Note
-------+----------+-------------------------------------------
     0 | D:1      | Xavori the Octopode Chaos Knight began the quest for the
                  | Orb.
     0 | D:1      | Reached XP level 1. HP: 16/16 MP: 1/1
    14 | D:1      | XOM: divination: detect items
    87 | D:1      | Reached XP level 2. HP: 14/21 MP: 2/2
   154 | D:1      | XOM: potion effect (curing)
   540 | D:1      | Reached skill level 1 in Stealth
   556 | D:1      | XOM: silly message
   688 | D:1      | XOM: silly message
  1149 | D:1      | XOM is BORED!
  1605 | D:1      | XOM: silly message
  2571 | D:1      | XOM: give mutations
  2571 | D:1      | Gained mutation: You occasionally shout uncontrollably at
                  | your foes. [Xom's mischief]
  2571 | D:1      | Gained mutation: Your magical capacity is low. (-10% MP)
                  | [Xom's mischief]
  2571 | D:1      | Gained mutation: You possess an exceptional clarity of
                  | mind. [Xom's mischief]
  4400 | D:1      | XOM: divination: detect creatures
  4961 | D:1      | XOM is BORED!
  4961 | D:1      | XOM: silly message
  5107 | D:1      | XOM: silly message
  5225 | D:1      | XOM: silly message
  5315 | D:1      | XOM: silly message
  5323 | D:1      | XOM: divination: detect creatures
  6058 | D:1      | XOM is BORED!
  6149 | D:1      | XOM: noise
  6602 | D:1      | XOM: summons 2 hostile demons
  6603 | D:1      | Noticed a crimson imp
  6860 | D:2      | XOM: give mutations
  6860 | D:2      | Gained mutation: You are frail. (-10% HP) [Xom's mischief]
  6860 | D:2      | Gained mutation: Your magical capacity is very low. (-20%
                  | MP) [Xom's mischief]
  9509 | D:1      | Quit the game

Illustrated notes

Levels and vault maps discovered:
D:1:      evilmike_arrival_crescent, layout_basic
D:2:      layout_loops_ring, serial_shops, nicolae_shop_peninsula

Skill      XL: |  1  2 |
---------------+-------+-----
Stealth        | 1 |  1.1
Fighting       | |  3.4
Short Blades   | |  3.3
Dodging        | |  2.5

Action                     || total
---------------------------++-------
  Melee: Short sword       ||    37
         Constrict         ||     9
         Tentacles         ||     3
         Punch             ||     1
   Stab: Sleeping          ||     4
 Armour: Skin              ||    11
  Dodge: Dodged            ||    22

Table legend: (Time is in decaauts)
 A = Elapsed time spent in this place.
 B = Non-inter-level travel time spent in this place.
 C = Inter-level travel time spent in this place.
 D = Time resting spent in this place.
 E = Time spent auto-exploring this place.
 F = Levels seen in this place.
 G = Mean time per level.
                   A        B        C        D        E       F      G
               +--------+--------+--------+--------+--------+-----+--------+
         Total |   9504 |   9481 |     23 |   8803 |    565 |   2 | 4752.0 |
       Dungeon |   9504 |   9481 |     23 |   8803 |    565 |   2 | 4752.0 |
               +--------+--------+--------+--------+--------+-----+--------+

Top non-repeatable levels by time:
     D:1: 9243 daAuts
     D:2: 260 daAuts
